Workbook

Sheet 法適用_下水道事業
B2: 経営比較分析表（平成28年度決算）
B6: =データ!H6 -> 広島県 江田島市
B7: 業務名 | I7: 業種名 | P7: 事業名 | W7: 類似団体区分 | AD7: 管理者の情報 | AL7: 人口（人） | AT7: 面積(km2) | BB7: 人口密度(人/km2) | BL7: グラフ凡例
B8: =データ!I6 -> 法適用 | I8: =データ!J6 -> 下水道事業 | P8: =データ!K6 -> 特定環境保全公共下水道 | W8: =データ!L6 -> D2 | AD8: 非設置 | AL8: =データ!S6 -> 24596 | AT8: =データ!T6 -> 100.7 | BB8: =データ!U6 -> 244.25 | BL8: ■ | BN8: 当該団体値（当該値）
B9: 資金不足比率(％) | I9: 自己資本構成比率(％) | P9: 普及率(％) | W9: 有収率(％) | AD9: 1か月20ｍ3当たり家庭料金(円) | AL9: 処理区域内人口(人) | AT9: 処理区域面積(km2) | BB9: 処理区域内人口密度(人/km2) | BL9: － | BN9: 類似団体平均値（平均値）
B10: =データ!N6 -> - | I10: =データ!O6 -> 71.42 | P10: =データ!P6 -> 38.45 | W10: =データ!Q6 -> 92.51 | AD10: =データ!R6 -> 3466 | AL10: =データ!V6 -> 9276 | AT10: =データ!W6 -> 3.84 | BB10: =データ!X6 -> 2415.63 | BL10: 【】 | BN10: 平成28年度全国平均
BL11: 分析欄
B14: 1. 経営の健全性・効率性 | BL14: 1. 経営の健全性・効率性について
BL16: 【経常収支比率・累積欠損金比率】 経常収支比率は100％で推移しており，累積欠損も発生していないが，一般会計繰入金によるもので，基準外繰入の縮小・解消に向け，経営改善に取り組む必要がある。 【流動比率】 平成26年度の制度改正により大きく減少したが，流動負債の建設改良費に充てられた企業債の比率が高いことによる。 【企業債対事業規模比率】 類似団体平均を大きく上回っており，整備に伴う企業債の借入による企業債残高が多額である。今後も整備に伴う借入により，将来的な負担が大きい。 【経費回収率・汚水処理原価・施設利用率・水洗化率】 水洗化率は徐々に増加しているが，約60％前後と低く，類似団体平均を大きく下回っている。経費回収率，施設利用率も類似団体平均を上回るものの，高齢化や家屋の老朽化，経済的理由などによる未接続世帯が多い。接続推進に向けた施策の検討が必要である。 汚水処理原価は約200円で類似団体よりも低い状態で推移しているが，経費回収率は類似団体平均を上回っている。引き続き接続の推進による収入の増加を図るとともに，維持管理経費の節減に努める必要がある。
C34: 「経常損益」 | R34: 「累積欠損」 | AG34: 「支払能力」 | AV34: 「債務残高」
BL45: 2. 老朽化の状況について
BL47: 【有形固定資産減価償却率・管渠老朽化率・管渠改善率】 平成26年度の減価償却率の増加は，制度改正に伴う減価償却累計額の増加によるものである。 管渠老化率，管渠改善率はともに0％で推移している。 平成6年度に供用開始し，22年が経過した。管渠が耐用年数を経過するにはまだ年数があるとはいえ，今後，経年による施設の老朽化，維持修繕，更新費用が増大する見込みであり，長寿命化計画に基づき計画的な更新を図っていく必要がある。
C56: 「料金水準の適切性」 | R56: 「費用の効率性」 | AG56: 「施設の効率性」 | AV56: 「使用料対象の捕捉」
B60: 2. 老朽化の状況
BL64: 全体総括
BL66: 水洗化率の向上のため，未接続世帯の実態把握，啓発等により接続推進を継続していく。 経費回収率の向上，基準外繰入の解消のため，使用料の改定による収入の確保や維持管理経費の節約などに努める。 企業債残高が多額で，負担が大きい。平成35年度まで整備が休止となり，当面，企業債残高も減少するが，整備再開後は，借入による企業債残高も増加する見込みである。将来的な負担の増大が予想されるため，整備方法などを検討し，経費の節約など，経営健全化に努める。 管渠の老朽化率等は低いものの，今後，経年による修繕・更新費用の増大も見込まれるため，経営戦略及び長寿命化計画に基づき計画的な修繕・更新に取り組む。
C79: 「施設全体の減価償却の状況」 | W79: 「管渠の経年化の状況」 | AQ79: 「管渠の更新投資・老朽化対策の実施状況」
C83: ※ 「経常収支比率」、「累積欠損金比率」、「流動比率」、「有形固定資産減価償却率」及び「管渠老朽化率」については、法非適用企業では算出できないため、法適用企業のみの類似団体平均値及び全国平均を算出しています。
C84: ※ 平成24年度から平成25年度における各指標の類似団体平均値は、当時の事業数を基に算出していますが、企業債残高対事業規模比率、管渠老朽化率及び管渠改善率については、平成26年度の事業数を基に類似団体平均値を算出しています。
B85: 全国平均 | E85: 1① | F85: 1② | G85: 1③ | H85: 1④ | I85: 1⑤ | J85: 1⑥ | K85: 1⑦ | L85: 1⑧ | M85: 2① | N85: 2② | O85: 2③
E86: =データ!AI6 -> 【100.66】 | F86: =データ!AT6 -> 【105.22】 | G86: =データ!BE6 -> 【54.12】 | H86: =データ!BP6 -> 【1,348.09】 | I86: =データ!CA6 -> 【69.80】 | J86: =データ!CL6 -> 【232.54】 | K86: =データ!CW6 -> 【42.17】 | L86: =データ!DH6 -> 【82.30】 | M86: =データ!DS6 -> 【23.63】 | N86: =データ!ED6 -> 【0.00】 | O86: =データ!EO6 -> 【0.09】

Sheet データ
A1: 下水道事業(法適用) | Y1: 1 | Z1: 1 | AA1: 1 | AB1: 1 | AC1: 1 | AD1: 1 | AE1: 1 | AF1: 1 | AG1: 1 | AH1: 1 | AJ1: 1 | AK1: 1 | AL1: 1 | AM1: 1 | AN1: 1 | AO1: 1 | AP1: 1 | AQ1: 1 | AR1: 1 | AS1: 1 | AU1: 1 | AV1: 1 | AW1: 1 | AX1: 1 | AY1: 1 | AZ1: 1 | BA1: 1 | BB1: 1 | BC1: 1 | BD1: 1 | BF1: 1 | BG1: 1 | BH1: 1 | BI1: 1 | BJ1: 1 | BK1: 1 | BL1: 1 | BM1: 1 | BN1: 1 | BO1: 1 | BQ1: 1 | BR1: 1 | BS1: 1 | BT1: 1 | BU1: 1 | BV1: 1 | BW1: 1 | BX1: 1 | BY1: 1 | BZ1: 1 | CB1: 1 | CC1: 1 | CD1: 1 | CE1: 1 | CF1: 1 | CG1: 1 | CH1: 1 | CI1: 1 | CJ1: 1 | CK1: 1 | CM1: 1 | CN1: 1 | CO1: 1 | CP1: 1 | CQ1: 1 | CR1: 1 | CS1: 1 | CT1: 1 | CU1: 1 | CV1: 1 | CX1: 1 | CY1: 1 | CZ1: 1 | DA1: 1 | DB1: 1 | DC1: 1 | DD1: 1 | DE1: 1 | DF1: 1 | DG1: 1 | DI1: 1 | DJ1: 1 | DK1: 1 | DL1: 1 | DM1: 1 | DN1: 1 | DO1: 1 | DP1: 1 | DQ1: 1 | DR1: 1 | DT1: 1 | DU1: 1 | DV1: 1 | DW1: 1 | DX1: 1 | DY1: 1 | DZ1: 1 | EA1: 1 | EB1: 1 | EC1: 1 | EE1: 1 | EF1: 1 | EG1: 1 | EH1: 1 | EI1: 1 | EJ1: 1 | EK1: 1 | EL1: 1 | EM1: 1 | EN1: 1
A2: 項番 | B2: =COLUMN()-1 -> 1 | C2: =COLUMN()-1 -> 2 | D2: =COLUMN()-1 -> 3 | E2: =COLUMN()-1 -> 4 | F2: =COLUMN()-1 -> 5 | G2: =COLUMN()-1 -> 6 | H2: =COLUMN()-1 -> 7 | I2: =COLUMN()-1 -> 8 | ... EO2: =COLUMN()-1 -> 144
A3: 大項目 | B3: 年度 | C3: 団体CD | D3: 業務CD | E3: 業種CD | F3: 事業CD | G3: 施設CD | H3: 基本情報 | Y3: 1. 経営の健全性・効率性 | DI3: 2. 老朽化の状況
A4: 中項目 | Y4: ①経常収支比率(％) | AJ4: ②累積欠損金比率(％) | AU4: ③流動比率(％) | BF4: ④企業債残高対事業規模比率(％) | BQ4: ⑤経費回収率(％) | CB4: ⑥汚水処理原価(円) | CM4: ⑦施設利用率(％) | CX4: ⑧水洗化率(％) | DI4: ①有形固定資産減価償却率(％) | DT4: ②管渠老朽化率(％) | EE4: ③管渠改善率(％)
A5: 小項目 | H5: 都道府県名 | I5: 法適・法非適 | J5: 業種名称 | K5: 事業名称 | L5: 類似団体 | M5: 管理者の情報 | N5: 資金不足比率 | O5: 自己資本構成比率 | P5: 普及率 | Q5: 有収率 | R5: 1ヶ月20㎥当たり家庭料金 | S5: 人口 | T5: 面積 | U5: 人口密度 | V5: 処理区域内人口 | W5: 処理区域面積 | X5: 処理区域内人口密度 | Y5: 比率(N-4) | Z5: 比率(N-3) | AA5: 比率(N-2) | AB5: 比率(N-1) | AC5: 比率(N) | AD5: 類似団体平均(N-4) | AE5: 類似団体平均(N-3) | AF5: 類似団体平均(N-2) | AG5: 類似団体平均(N-1) | AH5: 類似団体平均(N) | AI5: 全国平均 | AJ5: 比率(N-4) | AK5: 比率(N-3) | AL5: 比率(N-2) | AM5: 比率(N-1) | AN5: 比率(N) | AO5: 類似団体平均(N-4) | AP5: 類似団体平均(N-3) | AQ5: 類似団体平均(N-2) | AR5: 類似団体平均(N-1) | AS5: 類似団体平均(N) | AT5: 全国平均 | AU5: 比率(N-4) | AV5: 比率(N-3) | AW5: 比率(N-2) | AX5: 比率(N-1) | AY5: 比率(N) | AZ5: 類似団体平均(N-4) | BA5: 類似団体平均(N-3) | BB5: 類似団体平均(N-2) | BC5: 類似団体平均(N-1) | BD5: 類似団体平均(N) | BE5: 全国平均 | BF5: 比率(N-4) | BG5: 比率(N-3) | BH5: 比率(N-2) | BI5: 比率(N-1) | BJ5: 比率(N) | BK5: 類似団体平均(N-4) | BL5: 類似団体平均(N-3) | BM5: 類似団体平均(N-2) | BN5: 類似団体平均(N-1) | BO5: 類似団体平均(N) | BP5: 全国平均 | BQ5: 比率(N-4) | BR5: 比率(N-3) | BS5: 比率(N-2) | BT5: 比率(N-1) | BU5: 比率(N) | BV5: 類似団体平均(N-4) | BW5: 類似団体平均(N-3) | BX5: 類似団体平均(N-2) | BY5: 類似団体平均(N-1) | BZ5: 類似団体平均(N) | CA5: 全国平均 | CB5: 比率(N-4) | CC5: 比率(N-3) | CD5: 比率(N-2) | CE5: 比率(N-1) | CF5: 比率(N) | CG5: 類似団体平均(N-4) | CH5: 類似団体平均(N-3) | CI5: 類似団体平均(N-2) | CJ5: 類似団体平均(N-1) | CK5: 類似団体平均(N) | CL5: 全国平均 | CM5: 比率(N-4) | CN5: 比率(N-3) | CO5: 比率(N-2) | CP5: 比率(N-1) | CQ5: 比率(N) | CR5: 類似団体平均(N-4) | CS5: 類似団体平均(N-3) | CT5: 類似団体平均(N-2) | CU5: 類似団体平均(N-1) | CV5: 類似団体平均(N) | CW5: 全国平均 | CX5: 比率(N-4) | CY5: 比率(N-3) | CZ5: 比率(N-2) | DA5: 比率(N-1) | DB5: 比率(N) | DC5: 類似団体平均(N-4) | DD5: 類似団体平均(N-3) | DE5: 類似団体平均(N-2) | DF5: 類似団体平均(N-1) | DG5: 類似団体平均(N) | DH5: 全国平均 | DI5: 比率(N-4) | DJ5: 比率(N-3) | DK5: 比率(N-2) | DL5: 比率(N-1) | DM5: 比率(N) | DN5: 類似団体平均(N-4) | DO5: 類似団体平均(N-3) | DP5: 類似団体平均(N-2) | DQ5: 類似団体平均(N-1) | DR5: 類似団体平均(N) | DS5: 全国平均 | DT5: 比率(N-4) | DU5: 比率(N-3) | DV5: 比率(N-2) | DW5: 比率(N-1) | DX5: 比率(N) | DY5: 類似団体平均(N-4) | DZ5: 類似団体平均(N-3) | EA5: 類似団体平均(N-2) | EB5: 類似団体平均(N-1) | EC5: 類似団体平均(N) | ED5: 全国平均 | EE5: 比率(N-4) | EF5: 比率(N-3) | EG5: 比率(N-2) | EH5: 比率(N-1) | EI5: 比率(N) | EJ5: 類似団体平均(N-4) | EK5: 類似団体平均(N-3) | EL5: 類似団体平均(N-2) | EM5: 類似団体平均(N-1) | EN5: 類似団体平均(N) | EO5: 全国平均
A6: 参照用 | B6: =B7 -> 2016 | C6: =C7 -> 342157 | D6: =D7 -> 46 | E6: =E7 -> 17 | F6: =F7 -> 4 | G6: =G7 -> 0 | H6: =H7 -> 広島県 江田島市 | I6: =I7 -> 法適用 | ... X6: =X7 -> 2415.63 | Y6: =IF(Y7="",NA(),Y7) -> 100 | Z6: =IF(Z7="",NA(),Z7) -> 100 | AA6: =IF(AA7="",NA(),AA7) -> 100.56 | AB6: =IF(AB7="",NA(),AB7) -> 100 | AC6: =IF(AC7="",NA(),AC7) -> 100 | AD6: =IF(AD7="",NA(),AD7) -> 94.73 | AE6: =IF(AE7="",NA(),AE7) -> 96.59 | AF6: =IF(AF7="",NA(),AF7) -> 101.24 | ... AH6: =IF(AH7="",NA(),AH7) -> 100.85 | AI6: =IF(AI7="","",IF(AI7="-","【-】","【"&SUBSTITUTE(TEXT(AI7,"#,##0.00"),"-","△")&"】")) -> 【100.66】 | AJ6: =IF(AJ7="",NA(),AJ7) -> 0 | AK6: =IF(AK7="",NA(),AK7) -> 0 | AL6: =IF(AL7="",NA(),AL7) -> 0 | AM6: =IF(AM7="",NA(),AM7) -> 0 | AN6: =IF(AN7="",NA(),AN7) -> 0 | AO6: =IF(AO7="",NA(),AO7) -> 236.15 | AP6: =IF(AP7="",NA(),AP7) -> 232.81 | AQ6: =IF(AQ7="",NA(),AQ7) -> 184.13 | ... AS6: =IF(AS7="",NA(),AS7) -> 110.77 | AT6: =IF(AT7="","",IF(AT7="-","【-】","【"&SUBSTITUTE(TEXT(AT7,"#,##0.00"),"-","△")&"】")) -> 【105.22】 | AU6: =IF(AU7="",NA(),AU7) -> 1223.61 | AV6: =IF(AV7="",NA(),AV7) -> 346.75 | AW6: =IF(AW7="",NA(),AW7) -> 32.38 | AX6: =IF(AX7="",NA(),AX7) -> 26.6 | AY6: =IF(AY7="",NA(),AY7) -> 25.49 | AZ6: =IF(AZ7="",NA(),AZ7) -> 243.58 | BA6: =IF(BA7="",NA(),BA7) -> 290.19 | BB6: =IF(BB7="",NA(),BB7) -> 63.22 | ... BD6: =IF(BD7="",NA(),BD7) -> 46.78 | BE6: =IF(BE7="","",IF(BE7="-","【-】","【"&SUBSTITUTE(TEXT(BE7,"#,##0.00"),"-","△")&"】")) -> 【54.12】 | BF6: =IF(BF7="",NA(),BF7) -> 3073.2 | BG6: =IF(BG7="",NA(),BG7) -> 2757.28 | BH6: =IF(BH7="",NA(),BH7) -> 2692.2 | BI6: =IF(BI7="",NA(),BI7) -> 2810.67 | BJ6: =IF(BJ7="",NA(),BJ7) -> 2605.9 | BK6: =IF(BK7="",NA(),BK7) -> 1622.51 | BL6: =IF(BL7="",NA(),BL7) -> 1569.13 | BM6: =IF(BM7="",NA(),BM7) -> 1436 | ... BO6: =IF(BO7="",NA(),BO7) -> 1298.91 | BP6: =IF(BP7="","",IF(BP7="-","【-】","【"&SUBSTITUTE(TEXT(BP7,"#,##0.00"),"-","△")&"】")) -> 【1,348.09】 | BQ6: =IF(BQ7="",NA(),BQ7) -> 70.61 | BR6: =IF(BR7="",NA(),BR7) -> 69.36 | BS6: =IF(BS7="",NA(),BS7) -> 78.73 | BT6: =IF(BT7="",NA(),BT7) -> 87.02 | BU6: =IF(BU7="",NA(),BU7) -> 92.13 | BV6: =IF(BV7="",NA(),BV7) -> 62.83 | BW6: =IF(BW7="",NA(),BW7) -> 64.63 | BX6: =IF(BX7="",NA(),BX7) -> 66.56 | ... BZ6: =IF(BZ7="",NA(),BZ7) -> 69.87 | CA6: =IF(CA7="","",IF(CA7="-","【-】","【"&SUBSTITUTE(TEXT(CA7,"#,##0.00"),"-","△")&"】")) -> 【69.80】 | CB6: =IF(CB7="",NA(),CB7) -> 254.78 | CC6: =IF(CC7="",NA(),CC7) -> 263.97 | CD6: =IF(CD7="",NA(),CD7) -> 227.82 | CE6: =IF(CE7="",NA(),CE7) -> 205.87 | CF6: =IF(CF7="",NA(),CF7) -> 194.63 | CG6: =IF(CG7="",NA(),CG7) -> 250.43 | CH6: =IF(CH7="",NA(),CH7) -> 245.75 | CI6: =IF(CI7="",NA(),CI7) -> 244.29 | ... CK6: =IF(CK7="",NA(),CK7) -> 234.96 | CL6: =IF(CL7="","",IF(CL7="-","【-】","【"&SUBSTITUTE(TEXT(CL7,"#,##0.00"),"-","△")&"】")) -> 【232.54】 | CM6: =IF(CM7="",NA(),CM7) -> 43 | CN6: =IF(CN7="",NA(),CN7) -> 43.42 | CO6: =IF(CO7="",NA(),CO7) -> 41.7 | CP6: =IF(CP7="",NA(),CP7) -> 42.84 | CQ6: =IF(CQ7="",NA(),CQ7) -> 43.35 | CR6: =IF(CR7="",NA(),CR7) -> 42.31 | CS6: =IF(CS7="",NA(),CS7) -> 43.65 | CT6: =IF(CT7="",NA(),CT7) -> 43.58 | ... CV6: =IF(CV7="",NA(),CV7) -> 42.9 | CW6: =IF(CW7="","",IF(CW7="-","【-】","【"&SUBSTITUTE(TEXT(CW7,"#,##0.00"),"-","△")&"】")) -> 【42.17】 | CX6: =IF(CX7="",NA(),CX7) -> 57.95 | CY6: =IF(CY7="",NA(),CY7) -> 61.09 | CZ6: =IF(CZ7="",NA(),CZ7) -> 61.55 | DA6: =IF(DA7="",NA(),DA7) -> 63.24 | DB6: =IF(DB7="",NA(),DB7) -> 65.86 | DC6: =IF(DC7="",NA(),DC7) -> 81.3 | DD6: =IF(DD7="",NA(),DD7) -> 82.2 | DE6: =IF(DE7="",NA(),DE7) -> 82.35 | ... DG6: =IF(DG7="",NA(),DG7) -> 83.5 | DH6: =IF(DH7="","",IF(DH7="-","【-】","【"&SUBSTITUTE(TEXT(DH7,"#,##0.00"),"-","△")&"】")) -> 【82.30】 | DI6: =IF(DI7="",NA(),DI7) -> 8.66 | DJ6: =IF(DJ7="",NA(),DJ7) -> 9.68 | DK6: =IF(DK7="",NA(),DK7) -> 28.31 | DL6: =IF(DL7="",NA(),DL7) -> 30.49 | DM6: =IF(DM7="",NA(),DM7) -> 32.59 | DN6: =IF(DN7="",NA(),DN7) -> 12.99 | DO6: =IF(DO7="",NA(),DO7) -> 13.6 | DP6: =IF(DP7="",NA(),DP7) -> 22.34 | ... DR6: =IF(DR7="",NA(),DR7) -> 22.77 | DS6: =IF(DS7="","",IF(DS7="-","【-】","【"&SUBSTITUTE(TEXT(DS7,"#,##0.00"),"-","△")&"】")) -> 【23.63】 | DT6: =IF(DT7="",NA(),DT7) -> 0 | DU6: =IF(DU7="",NA(),DU7) -> 0 | DV6: =IF(DV7="",NA(),DV7) -> 0 | DW6: =IF(DW7="",NA(),DW7) -> 0 | DX6: =IF(DX7="",NA(),DX7) -> 0 | DY6: =IF(DY7="",NA(),DY7) -> 0 | DZ6: =IF(DZ7="",NA(),DZ7) -> 0 | EA6: =IF(EA7="",NA(),EA7) -> 0 | ... EC6: =IF(EC7="",NA(),EC7) -> 0 | ED6: =IF(ED7="","",IF(ED7="-","【-】","【"&SUBSTITUTE(TEXT(ED7,"#,##0.00"),"-","△")&"】")) -> 【0.00】 | EE6: =IF(EE7="",NA(),EE7) -> 0 | EF6: =IF(EF7="",NA(),EF7) -> 0 | EG6: =IF(EG7="",NA(),EG7) -> 0 | EH6: =IF(EH7="",NA(),EH7) -> 0 | EI6: =IF(EI7="",NA(),EI7) -> 0 | EJ6: =IF(EJ7="",NA(),EJ7) -> 0.11 | EK6: =IF(EK7="",NA(),EK7) -> 0.05 | EL6: =IF(EL7="",NA(),EL7) -> 0.04 | ... EN6: =IF(EN7="",NA(),EN7) -> 0.09 | EO6: =IF(EO7="","",IF(EO7="-","【-】","【"&SUBSTITUTE(TEXT(EO7,"#,##0.00"),"-","△")&"】")) -> 【0.09】
B7: 2016 | C7: 342157 | D7: 46 | E7: 17 | F7: 4 | G7: 0 | H7: 広島県 江田島市 | I7: 法適用 | J7: 下水道事業 | K7: 特定環境保全公共下水道 | L7: D2 | N7: - | O7: 71.42 | P7: 38.45 | Q7: 92.51 | R7: 3466 | S7: 24596 | T7: 100.7 | U7: 244.25 | V7: 9276 | W7: 3.84 | X7: 2415.63 | Y7: 100 | Z7: 100 | AA7: 100.56 | AB7: 100 | AC7: 100 | AD7: 94.73 | AE7: 96.59 | AF7: 101.24 | AG7: 100.94 | AH7: 100.85 | AI7: 100.66 | AJ7: 0 | AK7: 0 | AL7: 0 | AM7: 0 | AN7: 0 | AO7: 236.15 | AP7: 232.81 | AQ7: 184.13 | AR7: 101.85 | AS7: 110.77 | AT7: 105.22 | AU7: 1223.61 | AV7: 346.75 | AW7: 32.38 | AX7: 26.6 | AY7: 25.49 | AZ7: 243.58 | BA7: 290.19 | BB7: 63.22 | BC7: 49.07 | BD7: 46.78 | BE7: 54.12 | BF7: 3073.2 | BG7: 2757.28 | BH7: 2692.2 | BI7: 2810.67 | BJ7: 2605.9 | BK7: 1622.51 | BL7: 1569.13 | BM7: 1436 | BN7: 1434.89 | BO7: 1298.91 | BP7: 1348.09 | BQ7: 70.61 | BR7: 69.36 | BS7: 78.73 | BT7: 87.02 | BU7: 92.13 | BV7: 62.83 | BW7: 64.63 | BX7: 66.56 | BY7: 66.22 | BZ7: 69.87 | CA7: 69.8 | CB7: 254.78 | CC7: 263.97 | CD7: 227.82 | CE7: 205.87 | CF7: 194.63 | CG7: 250.43 | CH7: 245.75 | CI7: 244.29 | CJ7: 246.72 | CK7: 234.96 | CL7: 232.54 | CM7: 43 | CN7: 43.42 | CO7: 41.7 | CP7: 42.84 | CQ7: 43.35 | CR7: 42.31 | CS7: 43.65 | CT7: 43.58 | CU7: 41.35 | CV7: 42.9 | CW7: 42.17 | CX7: 57.95 | CY7: 61.09 | CZ7: 61.55 | DA7: 63.24 | DB7: 65.86 | DC7: 81.3 | DD7: 82.2 | DE7: 82.35 | DF7: 82.9 | DG7: 83.5 | DH7: 82.3 | DI7: 8.66 | DJ7: 9.68 | DK7: 28.31 | DL7: 30.49 | DM7: 32.59 | DN7: 12.99 | DO7: 13.6 | DP7: 22.34 | DQ7: 22.79 | DR7: 22.77 | DS7: 23.63 | DT7: 0 | DU7: 0 | DV7: 0 | DW7: 0 | DX7: 0 | DY7: 0 | DZ7: 0 | EA7: 0 | EB7: 0.04 | EC7: 0 | ED7: 0 | EE7: 0 | EF7: 0 | EG7: 0 | EH7: 0 | EI7: 0 | EJ7: 0.11 | EK7: 0.05 | EL7: 0.04 | EM7: 0.07 | EN7: 0.09 | EO7: 0.09
B9: Ｎ－４年度 | C9: Ｎ－３年度 | D9: Ｎ－２年度 | E9: Ｎ－１年度 | F9: Ｎ年度
A10: 年度 | B10: =DATEVALUE($B$6-4&"年1月1日") -> 40909 | C10: =DATEVALUE($B$6-3&"年1月1日") -> 41275 | D10: =DATEVALUE($B$6-2&"年1月1日") -> 41640 | E10: =DATEVALUE($B$6-1&"年1月1日") -> 42005 | F10: =DATEVALUE($B$6&"年1月1日") -> 42370
